 Dungeon Crawl Stone Soup version 0.23-a0-356-g1757c6e (webtiles) character file.

41 Cryolive the Digger (level 3, 0/19 HPs)
             Began as a Gargoyle Earth Elementalist on Oct 21, 2018.
             Killed by nerve-wracking pain
             ... invoked by an orc priest
              (6 damage)
             ... on level 2 of the Dungeon.
             The game lasted 00:04:03 (1088 turns).

Cryolive the Digger (Gargoyle Earth Elementalist)   Turns: 1088, Time: 00:04:05

Health: 0/19       AC:  5    Str: 11    XL:     3   Next: 52%
Magic:  4/6        EV: 12    Int: 16    God:
Gold:   68         SH:  0    Dex: 10    Spells: 6/7 levels left

rFire    . . .     SeeInvis .   m - +0 whip
rCold    . . .     Gourm    .   (no shield)
rNeg     + . .     Faith    .   c - +0 robe
rPois    ∞         Spirit   .   (no helmet)
rElec    +         Reflect  .   (no cloak)
rCorr    .         Harm     .   (no gloves)
MR       .....                  (no boots)
Stlth    ++........             (no amulet)
HPRegen  0.06/turn              (no ring)
MPRegen  0.10/turn              (no ring)

@: no status effects
A: negative energy resistance 1, electricity resistance, unbreathing,
petrification resistance, rot immunity, AC +3
a: no special abilities


You were on level 2 of the Dungeon.
You were hungry.

You visited 1 branch of the dungeon, and saw 2 of its levels.

You collected 68 gold pieces.

Inventory:

Hand Weapons
 m - a +0 whip (weapon)
Missiles
 b - 49 stones (quivered)
Armour
 c - a +0 robe (worn)
Scrolls
 a - 2 scrolls of teleportation {unknown}
 e - a scroll of magic mapping {unknown}
 k - a scroll of amnesia {unknown}
Potions
 f - a potion of invisibility {unknown}
 g - 2 potions of heal wounds {unknown}
 j - a potion of degeneration {unknown}
 l - a potion of lignification {unknown}
Comestibles
 d - 2 rations


   Skills:
 - Level 1.5 Dodging
 - Level 2.2 Stealth
 + Level 2.6 Spellcasting
   Level 0.7 Transmutations
 + Level 4.8 Earth Magic


You had 6 spell levels left.
You knew the following spells:

 Your Spells              Type           Power        Failure   Level  Hunger
a - Sandblast             Erth           ###...       2%          1    #......

Your spell library contained the following spells:

 Spells                   Type           Power        Failure   Level  Hunger
 Passwall                 Tmut/Erth      ##......     10%         2    ##.....
 Stone Arrow              Conj/Erth      #.....       22%         3    ###....
 Petrify                  Tmut/Erth      ##......     52%         4    #####..
 Lee's Rapid Deconstruct  Erth           ###.......   58%         5    ######.


Dungeon Overview and Level Annotations

Branches:
Dungeon (2/15)

Altars:


Innate Abilities, Weirdness & Mutations

You are resistant to torment.
Your stone body is resilient. (AC +3)
You are immune to poison.
You resist negative energy. (rN+)
You are resistant to electric shocks. (rElec)
You can survive without breathing.
You are immune to petrification.
You are immune to rotting.


Message History

Aim: an orc priest, wieldin' a -2 dagger Tha blast o' sand hits tha orc.
Ye kill tha orc!
b - 50 stones Tha orc priest invokes tha aid o' Beogh against ye.
Beogh smites ye!
Ouch! Tha re'lly hurt!
* * * LOW HITPOINT WARNIN'
* * * Castin': Sandblast (safe; 2% risk o' failure) Confirm wit' . or Enter, or press ? or * ta list all spells.
Aimin': Sandblast (safe; 2% risk o' failure)
Press: ? - help, Shift-Dir - straight line, f/p - orc priest
Aim: an orc priest, wieldin' a -2 dagger Tha blast o' sand hits tha orc priest.
Tha orc priest be almost dead.
b - 49 stones An orc comes inta view.
It be wieldin' a +0 club.
Tha orc priest invokes tha aid o' Beogh against ye.
Pain shoots through yer body!
Ye die...

#
..###.#########
........o.o@..#
..###o#######.#
# #.# ... ....
#...## ##.##
..#


You could see an orc priest and 2 orcs.

Vanquished Creatures
  A gnoll (D:1)
  An ooze (D:1)
  A leopard gecko (D:1)
  An orc (D:2)
  A ball python (D:1)
  A bat (D:1)
  2 giant cockroaches (D:1)
  2 goblins (D:1)
  3 hobgoblins (D:1)
  4 jackals (D:1)
  A frilled lizard (D:1)
  3 kobolds (D:1)
  3 rats (D:1)
24 creatures vanquished.

Notes
Turn   | Place    | Note
-------+----------+-------------------------------------------
     0 | D:1      | Cryolive the Gargoyle Earth Elementalist began the quest
                  | for the Orb.
     0 | D:1      | Reached XP level 1. HP: 10/10 MP: 3/3
    87 | D:1      | Reached skill level 4 in Earth Magic
   146 | D:1      | Reached XP level 2. HP: 2/15 MP: 0/5
   315 | D:1      | Reached XP level 3. HP: 8/19 MP: 6/6
  1088 | D:2      | Killed from afar by an orc priest

Vault maps used:
D:1:      dpeg_arrival_line_fractal, serial_bayou_pond_c, minmay_tetromino_t2

Skill      XL: |  1 |
---------------+----+-----
Earth Magic    | 4 |  4.8
Dodging        | |  1.5
Stealth        | |  2.2
Spellcasting   | |  2.6
Transmutations | |  0.7

Action                   || total
-------------------------++-------
Melee: Unarmed           ||    17
       Dagger            ||    72
       Whip              ||     1
 Cast: Sandblast         ||    17
 Stab: Sleeping          ||     2
Armor: Robe              ||    23
Dodge: Dodged            ||    56

Table legend:
 A = Non-vault XP
 B = Vault XP
 C = Vault XP percentage of total XP
 D = Non-vault monster count
 E = Vault monster count
 F = Vault count percentage of total count
                 A         B        C        D         E       F
            +---------+---------+-------+---------+---------+-------
      Total |      56 |       3 |   5.1 |      22 |       2 |   8.3
            +---------+---------+-------+---------+---------+-------
        D:1 |      53 |       3 |   5.4 |      21 |       2 |   8.7
        D:2 |       3 |       0 |   0.0 |       1 |       0 |   0.0
            +---------+---------+-------+---------+---------+-------
